 Dungeon Crawl Stone Soup version 0.30-a0-930-gb9d0489357 (webtiles) character file.

Game seed: 8715216560327945912

107050 sanka the Basher (level 15, -4/130 HPs)
             Began as a Demonspawn Cinder Acolyte on Mar 23, 2023.
             Was a High Priest of Ignis.
             Killed from afar by Aizul (25 damage)
             ... with a bolt of poison
             ... on level 1 of the Snake Pit.
             The game lasted 01:05:37 (28917 turns).

sanka the Basher (Demonspawn Cinder Acolyte)       Turns: 28917, Time: 01:05:38

Health: -4/130     AC: 33    Str: 35    XL:     15   Next: 99%
Magic:  0/6        EV: 15    Int: 15    God:    Ignis [*****.]
Gold:   1116       SH: 15    Dex: 20    Spells: 18/20 levels left

rFire   + . .      SeeInvis +    a - +8 eveningstar (antimagic)
rCold   . . .      Faith    .    g - +2 kite shield {AC+3}
rNeg    . . .      Spirit   +    m - +4 plate armour
rPois   .          Reflect  .    (helmet unavailable)
rElec   .          Rampage  .    r - +2 cloak of Kudacut {Str+4 Dex+6}
rCorr   .                        t - +1 pair of gloves of Supple Strength {Str+4}
Will    ++...                    O - +0 pair of boots Stlth
                                 R - amulet of guardian spirit
HPRegen 0.41/turn                h - ring of Ysmei {Str+6 Dex+2 Stlth+}
MPRegen 0.10/turn                u - +4 ring of protection

@: lethally poisoned (-4 -> -36)
A: antennae 3, rugged brown scales 2, demonic guardian 3, powered by pain 1,
strong-willed 1, strong 1
a: Renounce Religion, Fiery Armour, Foxfire Swarm, Rising Flame


You were on level 1 of the Snake Pit.
You worshipped Ignis.
Ignis was extremely pleased with you.
You visited 4 branches of the dungeon, and saw 24 of its levels.
You also visited: Gauntlet.

You collected 2151 gold pieces.
You spent 1035 gold pieces at shops.


Innate Abilities, Weirdness & Mutations

You have a pair of large antennae on your head. (SInv)
You are mostly covered in rugged brown scales. (AC +2, +5% HP)
A powerful demonic guardian rushes to your aid.
You sometimes gain a little power by taking damage.
You are strong-willed. (Will+)
Your muscles are strong. (Str +4, Int/Dex -1)


   Skills:
 - Level 13.3 Fighting
 + Level 14.6 Maces & Flails
 - Level 8.3 Armour
 - Level 12.8 Dodging
 - Level 11.6 Shields
 - Level 3.0 Spellcasting
 - Level 5.0 Fire Magic


You had 18 spell levels left.
You knew the following spells:

 Your Spells              Type           Power      Damage    Failure   Level
y - Scorch                Fire           34%        2d6       43%         2

Your spell library contained the following spells:

 Spells                   Type           Power      Damage    Failure   Level
 Necrotise                Necr           8%         1d4       94%         1
 Sandblast                Erth           4%         2d4       94%         1
 Shock                    Conj/Air       8%         1d3       94%         1
 Summon Small Mammal      Summ           8%         N/A       94%         1
 Blink                    Tloc           4%         N/A       98%         2
 Cigotuvi's Dreadful Rot  Necr/Pois/Air  4%         N/A       98%         2
 Lesser Beckoning         Tloc           4%         N/A       98%         2
 Momentum Strike          Conj/Tloc      4%         3d8       98%         2
 Poisonous Vapours        Pois/Air       4%         N/A       98%         2
 Ignite Poison            Fire/Tmut/Pois 7%         N/A       98%         3
 Kindle Blastsparks       Fire/Tloc/Air  14%        2d11      98%         3
 Call Canine Familiar     Summ           2%         N/A       100%        3
 Mephitic Cloud           Conj/Pois/Air  2%         N/A       100%        3
 Stone Arrow              Conj/Erth      4%         3d7       100%        3
 Summon Guardian Golem    Hex/Summ       2%         N/A       100%        3
 Swiftness                Air            2%         N/A       100%        3
 Vampiric Draining        Necr           2%         2d6       100%        3
 Airstrike                Air            1%         2d(1-17)  100%        4
 Petrify                  Tmut/Erth      2%         N/A       100%        4
 Agony                    Necr           2%         N/A       100%        5
 Freezing Cloud           Conj/Ice/Air   1%         6-21      100%        5
 Yara's Violent Unravell  Hex/Tmut       1%         3d3       100%        5
 Enfeeble                 Hex            1%         N/A       100%        7
 Malign Gateway           Summ/Tloc      1%         N/A       100%        7
 Summon Horrible Things   Summ           1%         N/A       100%        8

Inventory:

Hand Weapons
 a - a +8 antimagic eveningstar (weapon)
 b - the +12 flail of Qipaent {spect, rElec} rElec: It insulates you from electricity.
 M - a +0 broad axe
Missiles
 T - 7 curare-tipped darts {=f}
 W - a throwing net {=f}
Armour
 g - a +2 kite shield of protection (worn)
 m - a +4 plate armour (worn)
 r - the +2 cloak of Kudacut (worn) {Str+4 Dex+6}

   Str:       It affects your strength (+4).
   Dex:       It affects your dexterity (+6).
 t - the +1 pair of gloves of Supple Strength (worn) {Str+4}

   Str:       It affects your strength (+4).
 O - a +0 pair of boots (worn)
Jewellery
 c - a ring of willpower
 h - the ring of Ysmei (left hand) {Str+6 Dex+2 Stlth+}

   [ring of strength]

   Str:       It affects your strength (+6).
   Dex:       It affects your dexterity (+2).
   Stlth:     It makes you more stealthy.
 u - a +4 ring of protection (right hand)
 w - a ring of resist corrosion
 R - an amulet of guardian spirit (around neck)
Wands
 y - a wand of flame (24)
 z - a wand of roots (12)
 E - a wand of quicksilver (7)
 F - a wand of charming (22)
 P - a wand of polymorph (26)
 Q - a wand of mindburst (23)
 V - a wand of digging (5)
Scrolls
 d - a scroll of butterflies
 f - 5 scrolls of blinking
 i - a scroll of immolation {!r}
 j - 7 scrolls of vulnerability {!r}
 k - 3 scrolls of torment {!r}
 l - a scroll of noise {!r}
 n - 4 scrolls of fear
 o - 4 scrolls of enchant armour
 q - 7 scrolls of poison {!r}
 D - 9 scrolls of teleportation {@r4}
 J - 3 scrolls of magic mapping
 L - 4 scrolls of fog
 Y - a scroll of brand weapon
Potions
 e - a potion of attraction {unknown}
 p - 13 potions of curing {@q1}
 s - 4 potions of brilliance {unknown}
 v - 10 potions of haste {@q3}
 x - 7 potions of might
 B - a potion of resistance {unknown}
 C - a potion of mutation {!q}
 G - 3 potions of flight {unknown}
 H - a potion of ambrosia {unknown}
 I - 5 potions of lignification {!q}
 K - 8 potions of heal wounds {@q2}
 U - 2 potions of invisibility {unknown}
 X - a potion of magic {unknown}
Miscellaneous
 N - a lightning rod (4/4)

Dungeon Overview and Level Annotations

Branches:
Dungeon (15/15)            Temple (0/1) D:4            Lair (5/5) D:11
 Shoals (0/4) Lair:3        Snake (2/4) Lair:3        Slime (0/5) Lair:5
    Orc (2/2) D:12            Elf (0/3) Orc:2        Vaults (0/5) D:13
 Depths (0/4) D:15        Gauntlet (visited)

Altars:
Ashenzari
Hepliaklqana
Okawaru
Trog
Vehumet
Jiyva

Shops:
D:7 !   D:8 =   Orc:2 [!==

Annotations:
Snake:1 Aizul

.P. ~▒▒▒
.......
......
▒.▒.. {▒N..
▒N. ▒S▒
▒▒▒2▒▒
▒.6..▒
▒....▒
......▒
...▒....▒
▒....▒..▒▒▒
▒▒▒▒ ▒..▒
▒▒▒▒


You could see Aizul (ally target), a naga sharpshooter, a salamander and a
friendly hell beast (summoned, poisoned).


Message History

You hear a shout!
You block the salamander's attack.
You hit the salamander.
The salamander is almost dead.
You closely miss Aizul. Aizul hits you.
* * * LOW HITPOINT WARNING * * *
The salamander hits you but does no damage.
You miss Aizul. Aizul hits you.
* * * LOW HITPOINT WARNING * * *
You miss Aizul. You block Aizul's attack.
The salamander hits you but does no damage.
Aizul casts a spell at you. The bolt of poison hits you!!
You are poisoned.
* * * LOW HITPOINT WARNING * * *
You focus on the pain.
The naga sharpshooter unwields a +0 short sword.
The naga sharpshooter wields a +0 shortbow.
The naga sharpshooter gestures wildly while chanting.
The naga sharpshooter magically shoots an arrow.
You block the arrow.
Aizul coils herself and waves her upper body at you.
The bolt of poison hits your hell beast!!
Your hell beast is poisoned.
The bolt of poison hits you!!
You are lethally poisoned!
You die...

Action                     |  1- 3 |  4- 6 |  7- 9 | 10-12 | 13-15 || total
---------------------------+-------+-------+-------+-------+-------++-------
  Melee: Mace              |   106 |       |       |       |       ||   106
         Dagger            |    16 |   263 |    21 |       |       ||   300
         Quarterstaff      |       |     2 |       |       |       ||     2
         Punch             |       |     6 |     2 |     8 |     2 ||    18
         Spear             |       |       |    66 |       |       ||    66
         Flail             |       |       |   134 |   390 |   616 ||  1140
         Eveningstar       |       |       |       |       |   520 ||   520
   Cast: Scorch            |     7 |    26 |    25 |    10 |     2 ||    70
    Use: Potion            |       |     4 |       |       |       ||     4
         Scroll            |       |       |       |    10 |    16 ||    26
   Stab: Sleeping          |     3 |     1 |       |     1 |     1 ||     6
         Distracted        |       |       |     1 |     5 |    14 ||    20
         Petrified         |       |       |       |       |     1 ||     1
 Armour: Robe              |    32 |    54 |       |       |       ||    86
         Ring mail         |       |    20 |   126 |   181 |   162 ||   489
         Plate armour      |       |       |       |       |   215 ||   215
  Dodge: Dodged            |    89 |   164 |   162 |   394 |   626 ||  1435
  Block: Kite shield       |       |       |       |       |   798 ||   798

Levels and vault maps discovered:
D:1:      matt_arrival_spirals, layout_loops_corners
D:2:      kennysheep_six_static_rooms, layout_loops_cross,
          nicolae_elevator_lobby_plus, uniq_robin, uniq_crazy_yiuf_cottage
D:3:      layout_loops_ring, vehumet_statue, uniq_natasha
D:4:      layout_loops_ring, minmay_temple_entry_large_hall
D:5:      layout_cave_pods, mainiacjoe_overflow_boulevard, chequers_arboretum,
          hex_medium, chequers_serial_rivers_micro_c, water_maze_lemuel
D:6:      layout_gridville
D:7:      layout_basic, serial_shops, shop, palyth_stone_intersect,
          hangedman_abyss_or_decor_lesser_grid
D:8:      layout_basic, lemuel_tele_altar, gammafunk_ghost_nasty_kobolds,
          serial_shops, nicolae_shop_window_shopping,
          hangedman_decor_peaks_small
D:9:      minmay_octagon_keep, layout_irregular_city, okawaru_altar_gauntlet_db,
          eino_small_chamber_without_monster
D:10:     layout_gridville, serial_undead, serial_undead_a, serial_undead_d,
          serial_undead_a, serial_undead_c, chequers_serial_rivers_micro_c,
          uniq_harold
D:11:     layout_loops_ring, lair_entry_dummy, uniq_urug
D:12:     layout_rooms, orc_0_dummy, uniq_josephine
D:13:     layout_basic, lightli_vaults_fourway_checkpoint,
          grunt_decor_mini_mirrors
D:14:     layout_loops_ring, minmay_tree_intersection
D:15:     grunt_enter_depths_snipers, layout_loops_ring, tso_altar
Lair:1:   lemuel_reptile_caves, layout_loops_ring, grunt_megastairs_5
Lair:2:   layout_cave_pods, st_stairs_13, grunt_megastairs_2,
          infiniplex_staircase_pool_2
Lair:3:   layout_cave_pods, minmay_shoals_entry_lonely_mermaid,
          minmay_snake_entry_six_corridors, uniq_nergalle, uniq_kirke
Lair:4:   layout_gridlike
Lair:5:   cheibrodos_lair_end_hotspot, layout_regular_city,
          minmay_slime_entry_jelly_boxes, gauntlet_entry_generic,
          chequers_serial_rivers_small_3, lemuel_fruit_tree,
          serial_bayou_shore_b
Snake:1:  layout_honeycomb, nicolae_snake_ghostly_warrior_ritual,
          serial_bayou_shore_a, uniq_jorgrun, uniq_aizul
Snake:2:  layout_gridlike, basic_altar, serial_shops, nicolae_shop_statue_plus,
          minmay_shop_grove
Orc:1:    layout_diamond_mine, uniq_erica
Orc:2:    st_orc_mages, layout_diamond_mine, gammafunk_ghost_wrathful_warriors,
          nicolae_orc_sculptors_studio, lightli_church_of_beogh, uniq_azrael

Notes
Turn   | Place    | Note
-------+----------+-------------------------------------------
     0 | D:1      | sanka the Demonspawn Cinder Acolyte began the quest for the
                  | Orb.
     0 | D:1      | Reached XP level 1. HP: 18/18 MP: 2/2
   164 | D:1      | Reached skill level 2 in Spellcasting
   164 | D:1      | Gained mutation: You have a pair of small antennae on your
                  | head. [demonic ancestry]
   164 | D:1      | Reached XP level 2. HP: 20/24 MP: 5/5
   971 | D:1      | Reached XP level 3. HP: 27/29 MP: 7/7
  1080 | D:2      | Reached skill level 3 in Spellcasting
  1083 | D:2      | Learned a level 2 spell: Scorch
  1133 | D:2      | Noticed Robin
  1321 | D:1      | Reached skill level 3 in Fire Magic
  1389 | D:2      | Killed Robin
  1558 | D:2      | Found a runed translucent door.
  1559 | D:2      | Noticed Crazy Yiuf
  1638 | D:2      | Reached XP level 4. HP: 31/35 MP: 8/8
  1950 | D:2      | Reached skill level 4 in Fire Magic
  2289 | D:2      | Reached XP level 5. HP: 35/41 MP: 9/9
  2667 | D:2      | Killed Crazy Yiuf
  2746 | D:3      | Noticed Natasha
  2751 | D:3      | Killed Natasha
  3060 | D:3      | Noticed Natasha
  3070 | D:3      | Killed Natasha
  3071 | D:3      | Reached skill level 5 in Fire Magic
  3429 | D:3      | Found a radiant altar of Vehumet.
  3429 | D:3      | Noticed a frost-covered statue
  3593 | D:3      | Killed a frost-covered statue
  3594 | D:3      | Reached skill level 1 in Dodging
  3807 | D:4      | Noticed a phantom
  3814 | D:4      | Found a staircase to the Ecumenical Temple.
  3816 | D:4      | Killed a phantom
  3817 | D:4      | Gained mutation: A weak demonic guardian rushes to your
                  | aid. [demonic ancestry]
  3817 | D:4      | Reached XP level 6. HP: 45/48 MP: 1/10
  3820 | D:3      | Noticed Natasha
  3830 | D:3      | HP: 4/48 [constriction (5)]
  3831 | D:3      | Gained mutation: You have hidden genetic defects. [potion
                  | of mutation]
  3831 | D:3      | Gained mutation: Your system is resistant to poisons.
                  | (rPois) [potion of mutation]
  3831 | D:3      | Gained mutation: You occasionally shout uncontrollably at
                  | your foes. [potion of mutation]
  3831 | D:3      | Gained mutation: You are strong-willed. (Will+) [potion of
                  | mutation]
  3837 | D:3      | Killed Natasha
  3840 | D:3      | Lost mutation: You occasionally shout uncontrollably at
                  | your foes. [potion of mutation]
  3840 | D:3      | Lost mutation: Your system is resistant to poisons. (rPois)
                  | [potion of mutation]
  3840 | D:3      | Gained mutation: You possess an exceptional clarity of
                  | mind. [potion of mutation]
  3840 | D:3      | Gained mutation: You passively map a small area around you.
                  | [potion of mutation]
  3840 | D:3      | Gained mutation: Your flesh is heat resistant. (rF+)
                  | [potion of mutation]
  3841 | D:3      | Lost mutation: You have hidden genetic defects. [potion of
                  | mutation]
  3841 | D:3      | Lost mutation: You passively map a small area around you.
                  | [potion of mutation]
  3841 | D:3      | Lost mutation: Your flesh is heat resistant. (rF+) [potion
                  | of mutation]
  3841 | D:3      | Lost mutation: You possess an exceptional clarity of mind.
                  | [potion of mutation]
  3841 | D:3      | Gained mutation: Your muscles are strong. (Str +4, Int/Dex
                  | -1) [potion of mutation]
  4019 | D:4      | Reached skill level 2 in Dodging
  4124 | D:4      | Reached skill level 4 in Fighting
  4255 | D:4      | Identified the +3 ring mail of Depression {rF+}
  4533 | D:4      | Reached XP level 7. HP: 55/55 MP: 11/11
  4845 | D:4      | Identified the +6 spear "Jelly's Undoing" {drain, Int+4}
  4990 | D:5      | Entered Level 5 of the Dungeon
  5000 | D:5      | Identified the +12 flail of Qipaent {spect, rElec}
  5028 | D:5      | Reached skill level 3 in Dodging
  5133 | D:5      | Reached skill level 5 in Fighting
  5148 | D:5      | Found a hazy altar of Hepliaklqana.
  5522 | D:5      | Reached skill level 4 in Dodging
  6002 | D:6      | Reached skill level 3 in Maces & Flails
  6002 | D:6      | Reached XP level 8. HP: 50/64 MP: 12/12
  6163 | D:6      | Reached skill level 6 in Fighting
  6569 | D:6      | Reached skill level 5 in Dodging
  6689 | D:7      | HP: 2/65 [orc warrior/+0 war axe (5)]
  6693 | D:7      | Reached skill level 4 in Maces & Flails
  7126 | D:7      | Found Poas's Distillery.
  7134 | D:7      | Bought a potion of heal wounds for 75 gold pieces
  7134 | D:7      | Bought a potion of haste for 150 gold pieces
  7134 | D:7      | Bought a potion of curing for 45 gold pieces
  7192 | D:7      | Reached skill level 7 in Fighting
  7812 | D:8      | Noticed a hornet
  7822 | D:8      | Killed a hornet
  7823 | D:8      | Gained mutation: You have a pair of antennae on your head.
                  | [demonic ancestry]
  7823 | D:8      | Reached XP level 9. HP: 40/72 MP: 1/13
  7996 | D:8      | Found a runed translucent gate.
  7997 | D:8      | Found a runed translucent gate.
  7997 | D:8      | Found a runed translucent gate.
  7997 | D:8      | Noticed a kobold demonologist
  7997 | D:8      | Noticed funkygono's ghost (novice MiFi)
  8091 | D:8      | Reached skill level 5 in Maces & Flails
  8091 | D:8      | Reached skill level 6 in Dodging
  8268 | D:8      | Found a broken altar of Ashenzari.
  8286 | D:8      | Found Lautum's Jewellery Shoppe.
  8926 | D:9      | Found an iron altar of Okawaru.
  9254 | D:9      | Identified +0 steam dragon scales
  9255 | D:9      | Reached skill level 8 in Fighting
  9302 | D:9      | Reached skill level 6 in Maces & Flails
  9303 | D:9      | Reached skill level 7 in Dodging
  9464 | D:9      | Identified the ring of Decwoar {Ice Dex+6}
  9682 | D:9      | Identified +0 acid dragon scales
 10007 | D:10     | Entered Level 10 of the Dungeon
 10016 | D:9      | Gained mutation: You are partially covered in rugged brown
                  | scales. (AC +1, +3% HP) [demonic ancestry]
 10016 | D:9      | Reached XP level 10. HP: 73/84 MP: 8/14
 10128 | D:10     | Reached skill level 9 in Fighting
 10269 | D:10     | Reached skill level 7 in Maces & Flails
 10278 | D:10     | Reached skill level 8 in Dodging
 10600 | D:10     | Reached skill level 10 in Fighting
 10653 | D:10     | Identified the +4 ring mail "Isaarhit" {Will+}
 10747 | D:10     | Reached skill level 8 in Maces & Flails
 10784 | D:10     | Noticed Harold
 10791 | D:10     | Killed Harold
 10792 | D:10     | Reached skill level 9 in Dodging
 10792 | D:10     | Gained mutation: You have a pair of large antennae on your
                  | head. (SInv) [demonic ancestry]
 10792 | D:10     | Reached XP level 11. HP: 79/92 MP: 15/15
 11014 | D:11     | Noticed a two-headed ogre
 11020 | D:11     | Killed a two-headed ogre
 11204 | D:11     | Reached skill level 9 in Maces & Flails
 11207 | D:11     | Noticed a boulder beetle
 11215 | D:11     | Killed a boulder beetle
 11248 | D:11     | Found a staircase to the Lair.
 11340 | D:11     | Noticed Urug
 11346 | D:11     | Killed Urug
 11347 | D:11     | Reached skill level 10 in Dodging
 11353 | D:11     | Identified the +3 rapier of the Head {drain, Dex+4}
 11845 | D:11     | Reached skill level 10 in Maces & Flails
 11945 | D:11     | Noticed a two-headed ogre
 11953 | D:11     | Killed a two-headed ogre
 11954 | D:11     | Reached skill level 1 in Armour
 12128 | D:8      | Noticed a soul eater
 12135 | D:8      | Noticed a sixfirhy
 12150 | D:9      | Killed funkygono's ghost
 12151 | D:9      | Reached skill level 2 in Armour
 12573 | Lair:1   | Entered Level 1 of the Lair of Beasts
 12769 | D:11     | Reached skill level 3 in Armour
 12869 | Lair:1   | Gained mutation: A demonic guardian rushes to your aid.
                  | [demonic ancestry]
 12869 | Lair:1   | Reached XP level 12. HP: 101/101 MP: 16/16
 13061 | Lair:1   | Reached skill level 11 in Fighting
 13061 | Lair:1   | Reached skill level 4 in Armour
 13139 | Lair:1   | Reached skill level 11 in Dodging
 13742 | Lair:1   | Reached skill level 5 in Armour
 14323 | Lair:2   | Got the Enchiridion on the Cwm
 14646 | Lair:4   | Noticed a four-headed hydra
 14655 | Lair:4   | Killed a four-headed hydra
 14683 | Lair:4   | Identified the ring of Ysmei {Str+6 Dex+2 Stlth+}
 14717 | Lair:4   | Reached skill level 6 in Armour
 14886 | Lair:4   | Reached skill level 12 in Fighting
 15505 | Lair:3   | Gained mutation: You sometimes gain a little power by
                  | taking damage. [demonic ancestry]
 15505 | Lair:3   | Reached XP level 13. HP: 102/111 MP: 17/17
 15530 | Lair:3   | Found a staircase to the Snake Pit.
 15633 | Lair:3   | Reached skill level 12 in Dodging
 16003 | Lair:3   | Reached skill level 7 in Armour
 16230 | Lair:3   | Noticed Kirke
 16251 | Lair:3   | Killed Kirke
 16256 | Lair:3   | Found a staircase to the Shoals.
 16446 | Lair:3   | Noticed Nergalle
 16454 | Lair:3   | Killed Nergalle
 17305 | Lair:2   | Identified a scroll of acquirement
 17307 | Lair:2   | Acquired a +2 kite shield of protection
 17458 | Lair:5   | Entered Level 5 of the Lair of Beasts
 17601 | Lair:5   | Reached skill level 1 in Shields
 17609 | Lair:5   | Reached skill level 13 in Fighting
 17610 | Lair:5   | Identified the +0 robe of Ithruss {Rampage MP+9 Str-4}
 17727 | Lair:5   | Found a gate leading to a gauntlet.
 17744 | Gauntlet | Entered a Gauntlet
 17744 | Gauntlet | Found a transporter.
 17744 | Gauntlet | Found a transporter.
 17744 | Gauntlet | Found a transporter.
 17827 | Gauntlet | Found a transporter.
 17830 | Gauntlet | Found a transporter.
 17842 | Gauntlet | Found a transporter.
 17905 | Gauntlet | Found a transporter.
 17925 | Gauntlet | Found a transporter.
 17930 | Gauntlet | Found a transporter.
 17940 | Gauntlet | Found a transporter.
 17955 | Gauntlet | Found a transporter.
 17961 | Gauntlet | Found a transporter.
 18304 | Gauntlet | Reached skill level 2 in Shields
 18309 | Gauntlet | Identified the +2 cloak of Kudacut {Str+4 Dex+6}
 18380 | Gauntlet | Reached skill level 8 in Armour
 18461 | Gauntlet | Identified the +1 pair of gloves of Supple Strength {Str+4}
 18492 | Gauntlet | Noticed a minotaur
 18501 | Gauntlet | Killed a minotaur
 18502 | Gauntlet | Reached skill level 3 in Shields
 18698 | Lair:5   | Reached skill level 4 in Shields
 18865 | Lair:5   | Found a staircase to the Slime Pits.
 18892 | Lair:5   | Reached skill level 5 in Shields
 18902 | Lair:5   | Found a viscous altar of Jiyva.
 19075 | Lair:5   | Reached skill level 6 in Shields
 19075 | Lair:5   | Gained mutation: A powerful demonic guardian rushes to your
                  | aid. [demonic ancestry]
 19075 | Lair:5   | Reached XP level 14. HP: 107/121 MP: 18/18
 19294 | Lair:5   | Reached skill level 7 in Shields
 19694 | Lair:5   | Identified +0 steam dragon scales
 19996 | Lair:5   | Reached skill level 8 in Shields
 20051 | Lair:5   | Found a large runed translucent door.
 20056 | Lair:5   | Found a large runed translucent door.
 20478 | D:12     | Noticed Josephine
 20478 | D:12     | Found a staircase to the Orcish Mines.
 20487 | D:12     | Killed Josephine
 20757 | D:12     | Reached skill level 9 in Shields
 21027 | Orc:1    | Entered Level 1 of the Orcish Mines
 21034 | Orc:1    | Noticed Erica
 21043 | D:12     | Killed Erica
 21168 | Orc:2    | Entered Level 2 of the Orcish Mines
 21417 | Orc:2    | Noticed mopl's ghost (journeyman FoVM)
 21422 | Orc:2    | Found a transporter.
 21424 | Orc:2    | Found a bloodstained altar of Trog.
 21431 | Orc:2    | Found a transporter.
 21559 | Orc:2    | Reached skill level 10 in Shields
 21574 | Orc:2    | Noticed Azrael
 21588 | Orc:2    | Killed Azrael
 21699 | Orc:2    | Found a staircase to the Elven Halls.
 22037 | Orc:2    | Found Misor's Armour Shoppe.
 22037 | Orc:2    | Found Tativ's Jewellery Emporium.
 22037 | Orc:2    | Found Elofru's Jewellery Emporium.
 22042 | Orc:2    | Found Reophiekh's Distillery.
 22119 | Orc:2    | Reached skill level 11 in Shields
 22213 | Orc:2    | Found a runed translucent door.
 23132 | Orc:2    | Identified the +1 robe of Honour {+Blink}
 23193 | Orc:2    | Bought a potion of heal wounds for 60 gold pieces
 23196 | Orc:2    | Bought an amulet of guardian spirit for 390 gold pieces
 23411 | Orc:2    | Killed mopl's ghost
 24110 | D:13     | Gained mutation: You are mostly covered in rugged brown
                  | scales. (AC +2, +5% HP) [demonic ancestry]
 24110 | D:13     | Reached XP level 15. HP: 114/130 MP: 5/19
 24375 | D:13     | Found a gate to the Vaults.
 24401 | D:13     | Identified +0 acid dragon scales
 24525 | D:12     | Reached skill level 11 in Maces & Flails
 25304 | D:13     | Reached skill level 12 in Maces & Flails
 26806 | D:7      | Bought 2 potions of heal wounds for 150 gold pieces
 26806 | D:7      | Bought a potion of haste for 150 gold pieces
 26806 | D:7      | Bought a potion of degeneration for 15 gold pieces
 26932 | D:15     | Entered Level 15 of the Dungeon
 26945 | D:15     | Reached skill level 13 in Maces & Flails
 27106 | D:15     | Identified the +3 short sword of Haarudei {flame, Str+4}
 27774 | D:15     | Reached skill level 14 in Maces & Flails
 27930 | D:15     | Found a staircase to the Depths.
 27930 | D:15     | Noticed a frost giant
 27935 | D:15     | Killed a frost giant
 28276 | D:15     | Upgraded the game from 0.30-a0-924-g0ad0bf95bc to
                  | 0.30-a0-930-gb9d0489357
 28491 | Snake:1  | Entered Level 1 of the Snake Pit
 28502 | Snake:1  | Noticed Jorgrun
 28532 | Snake:1  | Killed Jorgrun
 28910 | Snake:1  | Noticed Aizul
 28917 | Snake:1  | Killed from afar by Aizul

Vanquished Creatures
  Jorgrun (Snake:1)
  Kirke (Lair:3)
  A frost giant (D:15)
  Azrael (Orc:2)
  A minotaur (Gauntlet)
  Josephine (D:12)
  A fire dragon (Lair:5)
  4 vault guards
  Harold (D:10)
  An entropy weaver (shapeshifter) (D:14)
  4 hydras
  2 death knights (D:15)
  2 anacondas (Snake:2)
  6 centaur warriors
  Erica (D:12)
  4 two-headed ogres
  3 boulder beetles
  A naga warrior (Snake:2)
  3 tengu warriors
  Urug (D:11)
  5 orc high priests (Orc:2)
  The ghost of funkygono the Cleaver, a novice MiFi of Okawaru (D:9)
  A fire crab (Gauntlet)
  A skyshark (Lair:5)
  Nergalle (Lair:3)
  5 skeletal warriors
  A fire crab (shapeshifter) (D:15)
  A lindwurm (Lair:5)
  2 phantasmal warriors (D:15)
  A harpy (shapeshifter) (D:13)
  A deep elf pyromancer (D:13)
  4 orc knights
  3 manticores
  10 ugly things
  3 orc sorcerers (Orc:2)
  7 cyclopes
  18 elephants
  A moth of wrath (Orc:2)
  A merfolk siren (Lair:3)
  8 black mambas
  9 cane toads
  2 molten gargoyles (Lair:4)
  An unseen horror (D:13)
  2 rime drakes
  4 freezing wraiths (D:15)
  5 yaktaurs (D:15)
  An unseen horror zombie (D:10)
  3 efreet
  11 komodo dragons
  A meliai (D:13)
  5 polar bears
  6 trolls
  2 hornets
  7 blink frogs
  A meliai zombie (D:10)
  8 slime creatures (D:12)
  4 centaur simulacra
  3 shadows
  3 fire elementals (Orc:2)
  3 vampires
  6 wyverns
  17 wraiths
  45 yaks
  A human (shapeshifter) (D:14)
  4 fire bats (Gauntlet)
  A golden eye (shapeshifter) (D:14)
  A hog (Lair:3)
  A neqoxec (Gauntlet)
  4 steam dragons
  A chaos spawn (Gauntlet)
  A vampire mosquito (D:12)
  7 basilisks
  A warg (Orc:2)
  2 nagas
  2 swamp worms (Gauntlet)
  3 acid dragons
  30 water moccasins
  5 hell hounds
  2 ice beasts
  A black bear (D:5)
  17 orc warriors
  3 sky beasts
  4 ogres
  5 boggarts (D:14)
  17 wolves
  6 centaurs
  10 kobold brigands
  2 phantoms (D:4)
  14 bullfrogs
  2 scorpions
  A hornet simulacrum (D:14)
  6 killer bees (D:9)
  8 howler monkeys
  2 electric eels (Lair:1)
  2 centaur zombies (D:10)
  5 lava snakes (Lair:5)
  A wyvern simulacrum (Gauntlet)
  6 hounds
  12 jellies
  Crazy Yiuf (D:2)
  21 orc priests
  4 sleepcaps
  4 iguanas
  Natasha (thrice) (D:3)
  16 orc wizards
  A statue (D:3)
  Robin (D:2)
  5 gnolls
  18 adders
  A shadow imp (D:7)
  A worm (D:4)
  3 dart slugs
  46 orcs
  4 ball pythons
  10 bats
  7 endoplasms
  4 giant cockroaches
  19 goblins
  11 hobgoblins
  6 jackals
  13 kobolds
  6 quokkas
  8 frilled lizards
  3 rats
670 creatures vanquished.

Vanquished Creatures (collateral kills)
  The ghost of mopl the Tainter, a journeyman FoVM of Cheibriados (Orc:2)
  2 two-headed ogres (Orc:2)
  A naga warrior (Snake:1)
  A skeletal warrior (D:13)
  2 orc knights (Orc:2)
  An orc sorcerer (D:15)
  An elephant (Lair:4)
  A cane toad (Lair:4)
  A freezing wraith (D:14)
  A rime drake (Lair:1)
  A yaktaur (D:14)
  2 meliai (D:13)
  4 yaks (Lair:3)
  A water moccasin (Lair:1)
  3 orc priests
  An orc wizard (Orc:2)
  2 orcs (Orc:1)
  2 endoplasms (Lair:5)
  A goblin (D:4)
29 creatures vanquished.

Vanquished Creatures (others)
  A deep elf pyromancer (D:15)
  2 orcs (Orc:2)
  23 fungi
  38 plants
64 creatures vanquished.

Grand Total: 763 creatures vanquished
